 Dungeon Crawl Stone Soup version 0.27.1-4-g1640c2035a (webtiles) character file.

Game seed: 6318831273051829311

1283 Tirrikindir the Slasher (level 8, -1/39 (54) HPs)
             Began as an Octopode Fighter on Nov 10, 2021.
             Was a Priest of Sif Muna.
             Slain by a hound (4 damage)
             ... on level 6 of the Dungeon.
             The game lasted 00:12:55 (6584 turns).

Tirrikindir the Slasher (Octopode Fighter)          Turns: 6584, Time: 00:12:55

HP:   -1/39 (54)    AC:  1    Str: 15 (16) XL:     8   Next: 54%
MP:   12/12         EV: 11    Int:  9 (11) God:    Sif Muna [***...]
Gold: 308           SH:  9    Dex: 10 (12) Spells: 11/12 levels left

rFire    + . .     SeeInvis .   a - +4 long sword
rCold    + . .     Faith    .   b - +0 kite shield
rNeg     . . .     Spirit   .   (helmet restricted)
rPois    +         Reflect  .   (no amulet)
rElec    +         Harm     .   (no ring)
rCorr    +         Rampage  .   (no ring)
Will     .....                  (no ring)
Stlth    ++++......             (no ring)
HPRegen  0.13/turn              (no ring)
MPRegen  0.13/turn              (no ring)
                                (no ring)
                                (no ring)

@: resistant, very heavily drained
A: almost no armour, amphibious, 8 rings, camouflage 1, gelatinous body 1,
(nimble swimmer 1), tentacles
a: Renounce Religion, Channel Magic, Forget Spell


You were on level 6 of the Dungeon.
You worshipped Sif Muna.
Sif Muna was most pleased with you.
You visited 2 branches of the dungeon, and saw 7 of its levels.

You collected 308 gold pieces.

Inventory:

Hand Weapons
 a - a +4 long sword (weapon)
 g - a +0 short sword
Armour
 b - a +0 kite shield (worn)
Scrolls
 c - a scroll of enchant armour {unknown}
 d - a scroll of acquirement {unknown}
 e - 2 scrolls of teleportation
 i - 2 scrolls of fear
 j - a scroll of holy word {unknown}
 m - a scroll of vulnerability {unknown}
 p - a scroll of blinking {unknown}
 r - a scroll of immolation {unknown}
 s - a scroll of amnesia {unknown}
Potions
 f - a potion of brilliance
 k - a potion of degeneration
 l - a potion of invisibility {unknown}
 n - a potion of flight {unknown}
 o - a potion of mutation {unknown}
 q - a potion of ambrosia {unknown}
 t - a potion of attraction {unknown}


   Skills:
 - Level 4.0 Fighting
 * Level 6.2 Long Blades
 - Level 4.0 Dodging
 + Level 5.5 Stealth
 - Level 4.0 Shields
 + Level 2.7 Spellcasting
 - Level 2.0 Conjurations
 + Level 3.1 Fire Magic


You had 11 spell levels left.
You knew the following spells:

 Your Spells              Type           Power      Damage    Failure   Level
a - Foxfire               Conj/Fire      20%        2x1d5     41%         1

Your spell library contained the following spells:

 Spells                   Type           Power      Damage    Failure   Level
 Conjure Flame            Conj/Fire      5%         6-21      80%         3
 Inner Flame              Hex/Fire       4%         N/A       90%         3
 Leda's Liquefaction      Hex/Erth       0%         N/A       100%        4
 Bolt of Magma            Conj/Fire/Erth 2%         4d4       100%        5
 Statue Form              Tmut/Erth      0%         N/A       100%        6


Dungeon Overview and Level Annotations

Branches:
Dungeon (6/15)             Temple (1/1) D:5

Altars:
Ashenzari
Cheibriados
Dithmenos
Elyvilon
Hepliaklqana
Kikubaaqudgha
Makhleb
Nemelex Xobeh
Qazlal
Ru
Sif Muna
Trog
Wu Jian
Xom
Yredelemnul
The Shining One


Innate Abilities, Weirdness & Mutations

You cannot wear most types of armour.
You are amphibious.
You can wear up to eight rings at the same time.
Your skin changes colour to match your surroundings (Stealth+).
Your rubbery body absorbs attacks. (AC +1, EV +1)
((You are camouflaged near water. (Stealth+)))
You have tentacles for arms and can constrict up to eight enemies at once.


Message History

You hear some strange, mumbled words.
A magic dart appears from out of thin air!
The magic dart hits you!
You hit something. Something hits you.
You feel drained. Something hits you.
You feel drained.
You closely miss something. Something hits you.
You feel drained.
You miss something. Something hits you.
You feel drained.
You barely miss something. You squeeze something. Something hits you.
* * * LOW HITPOINT WARNING * * *
You feel drained.
* * * LOW HITPOINT WARNING * * *
It was a potion of degeneration.
There was something very wrong with that liquid.
You feel weakened.
You feel dopey.
You feel clumsy. Something hits you.
* * * LOW HITPOINT WARNING * * *
You feel drained.
It was a potion of resistance.
You feel protected.
You hear some strange, mumbled words.
A puff of flame appears from out of thin air!
You block the puff of flame.
Okay, then.
Okay, then.
As you read the scroll of teleportation, it crumbles to dust.
You feel strangely unstable. Something hits you.
* * * LOW HITPOINT WARNING * * *
You feel drained.
* * * LOW HITPOINT WARNING * * *
Your surroundings suddenly seem different.
You start resting.
A hound is nearby!
As you read the scroll of teleportation, it crumbles to dust.
You feel strangely unstable.
Your surroundings suddenly seem different.
The hound misses you. x2
The hound bites you.
* * * LOW HITPOINT WARNING * * *
The hound bites you.
You die...

.##### ##...
..#...###.....
..##.........
#.##.......#
#.##......## ##
#..........#
##.#####....))....#
##....##.....#.....#
##....@h..##..##....#
#........## #..#)..##
##........# ##....#
...#.......# ###..##
.# ##......# ##..###
###..### ###..# ####
##.. ### #


You could see a hound.

Vanquished Creatures
  Prince Ribbit (D:5)
  Sigmund (D:3)
  A black bear (D:5)
  A necrophage (D:6)
  An ogre (D:6)
  A centaur (D:6)
  2 scorpions
  A howler monkey (D:6)
  2 hounds
  2 centaur skeletons
  A gnoll shaman (D:4)
  3 iguanas
  An orc wizard (D:5)
  5 gnolls (D:4)
  3 adders
  2 ufetubi (D:5)
  2 worms
  5 dart slugs
  8 orcs
  12 ball pythons
  6 bats
  9 endoplasms
  4 giant cockroaches
  4 goblins
  5 hobgoblins
  2 quokkas (D:2)
  9 frilled lizards
  8 kobolds
  2 rats
104 creatures vanquished.

Vanquished Creatures (others)
  7 foxfires
7 creatures vanquished.

Grand Total: 111 creatures vanquished

Notes
Turn   | Place    | Note
-------+----------+-------------------------------------------
     0 | D:1      | Tirrikindir the Octopode Fighter began the quest for the
                  | Orb.
     0 | D:1      | Reached XP level 1. HP: 16/16 MP: 1/1
   310 | D:1      | Reached XP level 2. HP: 21/21 MP: 2/2
   395 | D:1      | Found a faded altar of an unknown god.
   395 | D:1      | Noticed a neqoxec
   404 | D:1      | Became a worshipper of Sif Muna the Loreminder
   404 | D:1      | Reached * piety under Sif Muna
   553 | D:1      | Reached skill level 1 in Stealth
  1008 | D:2      | Reached XP level 3. HP: 26/26 MP: 3/3
  1449 | D:2      | Reached ** piety under Sif Muna
  1873 | D:3      | Noticed Sigmund
  1889 | D:3      | HP: 1/26 [Sigmund/puff of flame (12)]
  1890 | D:3      | Killed Sigmund
  1891 | D:3      | Reached skill level 3 in Long Blades
  1891 | D:3      | Reached XP level 4. HP: 2/33 MP: 4/4
  1891 | D:3      | Reached XP level 5. HP: 2/37 MP: 5/5
  2400 | D:3      | Reached XP level 6. HP: 43/43 MP: 6/6
  2433 | D:3      | Found a bloodstained altar of Trog.
  2777 | D:3      | Learned a level 1 spell: Foxfire
  3132 | D:4      | Reached skill level 4 in Long Blades
  3710 | D:4      | Found a sparkling altar of Nemelex Xobeh.
  4025 | D:4      | Reached *** piety under Sif Muna
  4378 | D:4      | Reached skill level 1 in Fire Magic
  4378 | D:4      | Reached XP level 7. HP: 46/48 MP: 6/8
  4467 | D:5      | Entered Level 5 of the Dungeon
  4521 | D:5      | Found a staircase to the Ecumenical Temple.
  4532 | D:5      | Reached skill level 1 in Conjurations
  4533 | D:5      | Reached skill level 1 in Spellcasting
  4536 | Temple   | Entered the Ecumenical Temple
  4802 | D:5      | Found an ornate altar of the Wu Jian Council.
  4803 | D:5      | Found a shimmering altar of Xom.
  4803 | D:5      | Found a stormy altar of Qazlal.
  5267 | D:5      | Reached skill level 5 in Long Blades
  5471 | D:5      | Noticed Prince Ribbit
  5478 | D:5      | Killed Prince Ribbit
  5479 | D:5      | Reached XP level 8. HP: 33/54 MP: 10/10
  5846 | D:5      | Found a basalt altar of Yredelemnul.
  6185 | D:6      | Reached skill level 5 in Stealth
  6266 | D:6      | Reached skill level 6 in Long Blades
  6584 | D:6      | Slain by a hound

Illustrated notes

Levels and vault maps discovered:
D:1:      mrwooster_arrival_arrow, layout_basic,
          dreamdust_ecumenical_altar_sealed_demon, serial_aquarium,
          aquarium_bridge_square [aquarium_subvault_bridge,
          aquarium_subvault_bridge, aquarium_subvault_window,
          aquarium_subvault_wall], aquarium_window_1, aquarium_window_fake,
          aquarium_view_2d, aquarium_pool_split, st_stairs_3
D:2:      layout_loops_cross, amcnicky_mini_pool_small
D:3:      layout_loops_ring, mainiacjoe_overflow_chevrons, solitary_fountain,
          chequers_serial_rivers_micro_a, kennysheep_generic_room_13,
          uniq_sigmund
D:4:      layout_gridville, nemelex_spade_bored_becter
D:5:      layout_layer_cave, yredelemnul_altar_generic,
          chequers_temple_overflow_statue_of_worship,
          minmay_temple_entry_stoned_glass, kennysheep_crisscross,
          chequers_serial_rivers_small_b, uniq_prince_ribbit1
D:6:      layout_cave_pods, marbit_many_paths
Temple:   cyrus_temple_forest

Skill      XL: |  1  2  3  4  5  6  7  8 |
---------------+-------------------------+-----
Stealth        | 1 3 4 5 |  5.5
Long Blades    | 3 4 5 6 |  6.2
Fighting       | 4 |  4.0
Dodging        | 4 |  4.0
Shields        | 4 |  4.0
Fire Magic     | 1 2 3 |  3.1
Conjurations   | 2 |  2.0
Spellcasting   | 1 2 |  2.7

Action                   |  1- 3 |  4- 6 |  7- 9 || total
-------------------------+-------+-------+-------++-------
Melee: Long sword        |    67 |    67 |    62 ||   196
       Constrict         |    16 |    22 |    11 ||    49
       Tentacles         |     9 |    15 |    15 ||    39
 Cast: Foxfire           |       |     1 |     3 ||     4
  Use: Scroll            |     4 |     5 |     3 ||    12
       Potion            |     2 |     2 |     4 ||     8
 Stab: Sleeping          |    14 |    10 |     2 ||    26
Armor: Skin              |     4 |     3 |     3 ||    10
Dodge: Dodged            |    22 |    23 |    50 ||    95
Block: Kite shield       |    21 |    28 |    51 ||   100
       Rpst.: Long sword |     7 |     7 |    12 ||    26
